 Dungeon Crawl Stone Soup version 0.29.1-15-g9cfb28693d (webtiles) character file.

Game seed: 16880305927090906220

836 LLlMATKO the Trooper (level 7, -3/96 HPs)
             Began as a Minotaur Berserker on Apr 6, 2023.
             Was a Priest of Trog.
             Slain by a gargoyle
             ... wielding a +0 flail of protection
              (12 damage)
             ... on level 5 of the Dungeon.
             The game lasted 00:03:48 (4041 turns).

LLlMATKO the Trooper (Minotaur Berserker)           Turns: 4041, Time: 00:03:49

Health: -3/96      AC: 12    Str: 24    XL:     7   Next: 66%
Magic:  6/6        EV:  9    Int:  4    God:    Trog [***...]
Gold:   169        SH:  0    Dex:  9    Spells: 6/6 levels left

rFire   . . .      SeeInvis +   y - +0 war axe
rCold   . . .      Faith    .   (no shield)
rNeg    . . .      Spirit   .   h - +0 chain mail
rPois   .          Reflect  .   (helmet restricted)
rElec   .          Harm     .   (no cloak)
rCorr   .          Rampage  .   t - +0 pair of gloves
Will    .....                   f - +0 pair of boots
Stlth   ..........              v - amulet of regeneration
HPRegen 1.06/turn               a - ring of see invisible
MPRegen 0.10/turn               (no ring)

@: berserking, very quick
A: horns 2, retaliatory headbutt
a: Renounce Religion, Berserk, Trog's Hand


You were on level 5 of the Dungeon.
You worshipped Trog.
Trog was most pleased with you.
You visited 1 branch of the dungeon, and saw 6 of its levels.

You collected 169 gold pieces.

Inventory:

Hand Weapons
 y - a +0 war axe (weapon)
 C - a +2 scythe of venom
Missiles
 E - 6 atropa-tipped darts (quivered)
 F - 2 boomerangs
Armour
 f - a +0 pair of boots (worn)
 h - a +0 chain mail (worn)
 t - a +0 pair of gloves (worn)
Jewellery
 a - a ring of see invisible (left hand)
 v - an amulet of regeneration (around neck)
 z - an amulet of the acrobat
Scrolls
 b - 2 scrolls of butterflies {unknown}
 d - 2 scrolls of vulnerability {unknown}
 g - 3 scrolls of enchant weapon {unknown}
 i - a scroll of summoning {unknown}
 j - a scroll of identify {unknown}
 k - 5 scrolls of teleportation {unknown}
 l - 3 scrolls of fear {unknown}
 m - a scroll of noise {unknown}
 p - 2 scrolls of blinking {unknown}
 s - a scroll of amnesia {unknown}
 u - a scroll of acquirement {unknown}
 D - a scroll of magic mapping {unknown}
Potions
 c - 3 potions of curing {unknown}
 e - 3 potions of flight {unknown}
 n - a potion of might {unknown}
 o - a potion of heal wounds {unknown}
 q - a potion of lignification {unknown}
 r - a potion of ambrosia {unknown}
 w - 2 potions of cancellation {unknown}
 x - a potion of brilliance {unknown}
 A - a potion of haste {unknown}
 B - a potion of attraction {unknown}


   Skills:
 + Level 6.3 Fighting
 + Level 6.3 Axes
 + Level 5.7 Armour
 + Level 5.1 Dodging


You had 6 spell levels left.
You didn't know any spells.
Your spell library was empty.

Dungeon Overview and Level Annotations

Branches:
Dungeon (6/15)             Temple (0/1) D:4

Altars:
Qazlal
Ru


Innate Abilities, Weirdness & Mutations

You have a pair of horns on your head.
You reflexively headbutt those who attack you in melee.


Message History

The stone arrow hits you! The worm bites you but does no damage.
You slash the worm! You headbutt the worm!
The worm is almost dead.
You barely miss the worm. Your headbutt misses the worm.
The worm is almost dead.
The worm bites you!
You slash the worm!
You kill the worm!
Trog accepts your kill.
You hit the gargoyle but do no damage.
The gargoyle hurls a stone arrow at you.
The stone arrow hits you!
A vampire mosquito comes into view.
The gargoyle hurls a stone arrow at you.
The stone arrow hits you!
* * * LOW HITPOINT WARNING * * *
A red film seems to cover your vision as you go berserk!
You feel yourself moving faster!
You feel mighty!
The vampire mosquito buzzes angrily.
The gargoyle hits you but does no damage.
You hit the gargoyle but do no damage. You hit the gargoyle but do no damage.
You headbutt the gargoyle!
The gargoyle is moderately damaged.
The gargoyle hits you with a +0 flail of protection!
* * * LOW HITPOINT WARNING * * *
A scorpion comes into view.
You hit the gargoyle but do no damage.
You headbutt the gargoyle, but do no damage.
The gargoyle is moderately damaged.
You slash the vampire mosquito!
The vampire mosquito bites you but does no damage.
The gargoyle hits you with a +0 flail of protection!
* * * LOW HITPOINT WARNING * * *
The vampire mosquito bites you but does no damage.
You barely miss the gargoyle.
The gargoyle is moderately damaged.
You miss the vampire mosquito.
The vampire mosquito bites you but does no damage.
The gargoyle hits you with a +0 flail of protection!
You die...

#......[..####...#....##.#
#.......).## ###...####
#..........### #...#
.......)......###...#
.......####.........#
....##......#####.... ....
#.....## ##....
...##...?.# #.....
.......)@# #.....
........y9# #.######.s.. #
#.#.## ..... ###.## . #


You could see a vampire mosquito, a gargoyle and a scorpion.

Vanquished Creatures
  Sigmund (D:4)
  Eustachio (D:4)
  Duvessa (D:4)
  Dowan (D:4)
  An orc priest (D:6)
  Natasha (thrice) (D:2)
  5 orc wizards
  Robin (D:2)
  2 adders
  A shadow imp (D:5)
  An ufetubus (D:5)
  2 worms
  13 orcs
  4 bats
  4 endoplasms (D:1)
  3 giant cockroaches
  17 goblins
  11 hobgoblins
  3 jackals (D:5)
  4 quokkas
  8 ball pythons
  A frilled lizard (D:2)
  8 kobolds
  7 rats
103 creatures vanquished.

Notes
Turn   | Place    | Note
-------+----------+-------------------------------------------
     0 | D:1      | LLlMATKO the Minotaur Berserker began the quest for the
                  | Orb.
     0 | D:1      | Reached XP level 1. HP: 19/19 MP: 0/0
   398 | D:1      | Reached XP level 2. HP: 27/27 MP: 1/1
   730 | D:1      | Found a faded altar of an unknown god.
   971 | D:1      | Reached XP level 3. HP: 33/33 MP: 2/2
  1250 | D:2      | Noticed Robin
  1261 | D:2      | Killed Robin
  1262 | D:2      | Reached ** piety under Trog
  1364 | D:2      | Noticed Natasha
  1369 | D:2      | Killed Natasha
  1370 | D:2      | Reached XP level 4. HP: 30/41 MP: 3/3
  1420 | D:2      | Noticed Natasha
  1425 | D:2      | Killed Natasha
  1969 | D:2      | Noticed Natasha
  1975 | D:2      | Killed Natasha
  1976 | D:2      | Reached XP level 5. HP: 42/47 MP: 4/4
  2258 | D:3      | Found a sacrificial altar of Ru.
  2926 | D:4      | Found a staircase to the Ecumenical Temple.
  2991 | D:4      | Noticed Dowan
  2995 | D:4      | Noticed Duvessa
  2999 | D:4      | Reached skill level 5 in Fighting
  3002 | D:4      | Killed Dowan
  3003 | D:4      | Reached skill level 5 in Axes
  3008 | D:4      | Killed Duvessa
  3009 | D:4      | Reached XP level 6. HP: 45/56 MP: 5/5
  3244 | D:4      | Noticed Sigmund
  3255 | D:4      | Killed Sigmund
  3256 | D:4      | Reached skill level 5 in Armour
  3256 | D:4      | Reached XP level 7. HP: 34/62 MP: 6/6
  3309 | D:4      | Noticed Eustachio
  3320 | D:4      | Killed Eustachio
  3352 | D:4      | You fall into a shaft and drop 2 floors!
  3383 | D:6      | Reached skill level 5 in Dodging
  3421 | D:5      | Entered Level 5 of the Dungeon
  3658 | D:4      | Noticed an air elemental
  3660 | D:4      | Found a stormy altar of Qazlal.
  3662 | D:4      | Noticed a water elemental
  3662 | D:4      | Noticed a fire elemental
  4014 | D:5      | Reached *** piety under Trog
  4033 | D:5      | Noticed a gargoyle
  4036 | D:5      | Noticed a vampire mosquito
  4041 | D:5      | Slain by a gargoyle

Illustrated notes

Levels and vault maps discovered:
D:1:      lemuel_arrival_cross, layout_loops_cross,
          hellmonk_ecumenical_altar_pennies_from_heaven,
          ebering_dispersal_statue_hall
D:2:      layout_basic, uniq_robin, uniq_natasha
D:3:      layout_basic, nicolae_overflow_crystal_walls
D:4:      kennysheep_big_flooded_room, layout_loops_ring,
          nicolae_qazlal_style_of_elements, minmay_temple_entry_overgrown,
          uniq_eustachio, uniq_duvessa, uniq_sigmund
D:5:      layout_basic, nicolae_overflow_hidden_temple,
          mainiacjoe_overflow_alcove_4, minmay_manual_maat
D:6:      layout_loops_ring, mainiacjoe_overflow_24_doors,
          amcnicky_mini_corridor_feature

Skill      XL: |  1  2  3  4  5  6  7 |
---------------+----------------------+-----
Fighting       | 4 5 6 |  6.3
Axes           | 4 5 6 |  6.3
Armour         | 3 4 5 |  5.7
Dodging        | 3 4 5 |  5.1

Action                   |  1- 3 |  4- 6 |  7- 9 || total
-------------------------+-------+-------+-------++-------
Melee: Hand axe          |    92 |    76 |       ||   168
       Headbutt          |     8 |    15 |     8 ||    31
       Punch             |       |     2 |       ||     2
       War axe           |       |    14 |    53 ||    67
Invok: Berserk           |     2 |     3 |     3 ||     8
Armor: Animal skin       |     6 |       |       ||     6
       Chain mail        |    20 |    33 |    43 ||    96
Dodge: Dodged            |    48 |    34 |    22 ||   104
